 Dungeon Crawl Stone Soup version 0.21-a0-401-g0b6bec4 (webtiles) character file.

526 tidbits the Charmwright (level 7, -3/56 HPs)
             Began as a Gnoll Skald on Oct 22, 2017.
             Was an Initiate of Makhleb.
             Killed by divine providence
             ... invoked by an orc priest
              (17 damage)
             ... on level 4 of the Dungeon.
             The game lasted 00:09:40 (689 turns).

tidbits the Charmwright (Gnoll Skald)                Turns: 689, Time: 00:09:41

Health: -3/56      AC:  9    Str: 14    XL:     7   Next: 23%
Magic:  3/15       EV: 13    Int: 17    God:    Makhleb [......]
Gold:   130        SH:  0    Dex: 14    Spells: 6/17 levels left

rFire    + + .     SeeInvis .   a - +0 hand axe
rCold    + + .     Gourm    .   (no shield)
rNeg     . . .     Faith    .   B - +0 ring mail
rPois    +         Spirit   .   E - +0 helmet
rElec    +         Reflect  .   C - scarf {rC+ rF+}
rCorr    +         Harm     .   G - +1 pair of gloves
MR       .....                  (no boots)
Stlth    ++........             (no amulet)
HPRegen  0.18/turn              l - ring of stealth
MPRegen  0.14/turn              (no ring)

@: resistant, infused, flying, very slightly contaminated
A: distributed training, fangs 1, strong nose
a: Renounce Religion


You were on level 4 of the Dungeon.
You worshipped Makhleb.
Makhleb was noncommittal.
You were not hungry.

You visited 1 branch of the dungeon, and saw 4 of its levels.

You collected 130 gold pieces.

Inventory:

Hand Weapons
 a - a +0 hand axe (weapon)
 b - a +0 hunting sling
 e - a +0 hunting sling
Missiles
 h - 39 stones (quivered)
 i - 8 arrows
 o - 24 sling bullets
Armour
 t - a +0 leather armour
 B - a +0 ring mail (worn)
 C - a scarf of resistance (worn)
   (You found it on level 3 of the Dungeon)
 E - a +0 helmet (worn)
 G - a +1 pair of gloves (worn)
Jewellery
 l - a ring of stealth (left hand)
   (You found it on level 1 of the Dungeon)
Wands
 u - a wand of disintegration (0/24)
Scrolls
 g - a scroll of enchant weapon {unknown}
 k - a scroll of random uselessness {unknown}
 m - a scroll of identify {unknown}
 n - a scroll of fog {unknown}
 q - a scroll of noise {unknown}
 r - a scroll of remove curse
Books
 c - a book of Battle

   Spells                             Type                      Level
   a - Infusion                       Charms                       1
   b - Shroud of Golubria             Charms/Translocation         2
   c - Song of Slaying                Charms                       2
   d - Spectral Weapon                Hexes/Charms                 3
   e - Regeneration                   Charms/Necromancy            3
Comestibles
 d - 3 bread rations
 f - a meat ration


   Skills:
 + Level 5.1 Fighting
 + Level 2.3 Short Blades
 + Level 2.3 Long Blades
 + Level 5.1 Axes
 + Level 2.3 Maces & Flails
 + Level 2.3 Polearms
 + Level 2.3 Staves
 + Level 2.3 Slings
 + Level 2.3 Bows
 + Level 2.3 Crossbows
 + Level 2.3 Throwing
 + Level 3.5 Armour
 + Level 5.1 Dodging
 + Level 2.3 Stealth
 + Level 2.3 Shields
 + Level 2.3 Unarmed Combat
 + Level 5.5 Spellcasting
 + Level 1.8 Conjurations
 + Level 1.8 Hexes
 + Level 5.8 Charms
 + Level 1.8 Summonings
 + Level 1.8 Necromancy
 + Level 1.8 Translocations
 + Level 1.8 Transmutations
 + Level 1.8 Fire Magic
 + Level 1.8 Ice Magic
 + Level 1.8 Air Magic
 + Level 1.8 Earth Magic
 + Level 1.8 Poison Magic
 + Level 2.5 Invocations
 + Level 2.3 Evocations


You had 6 spell levels left.
You knew the following spells:

 Your Spells              Type           Power        Failure   Level  Hunger
g - Shroud of Golubria    Chrm/Tloc      ###.......   9%          2    #......
i - Infusion              Chrm           ###.         2%          1    None
r - Regeneration          Chrm/Necr      ###.......   17%         3    ##.....
w - Spectral Weapon       Hex/Chrm       ###.....     17%         3    ##.....
y - Song of Slaying       Chrm           ###.....     3%          2    #......


Dungeon Overview and Level Annotations

Branches:
Dungeon (4/15)             Temple (0/1) D:4

Altars:
Makhleb
The Shining One


Innate Abilities, Weirdness & Mutations

Your experience applies equally to all skills.
You have very sharp teeth.
Your uncanny sense of smell can sniff out nearby items.


Message History

You kill the orc!
Makhleb accepts your kill.
You hit the orc warrior but do no damage.
The orc warrior closely misses you.
You slash the orc priest!
The orc priest is severely wounded.
You closely miss the orc warrior.
The orc priest calls upon Beogh to heal the orc priest.
The orc priest is healed somewhat.
The orc warrior closely misses you.
The orc priest calls down the wrath of Beogh upon you.
You struggle to resist.
Unknown command.
Casting: Spectral Weapon
Confirm with . or Enter, or press ? or * to list all spells.
You miscast Spectral Weapon.
You are very lightly contaminated with residual magic.
You feel off-balance for a moment.
The orc priest hits you but does no damage.
The orc warrior misses you.
Casting: Spectral Weapon
Confirm with . or Enter, or press ? or * to list all spells.
You draw out your weapon's spirit!
The orc priest closely misses you. The orc warrior closely misses you.
Unknown command.
You hit the orc warrior but do no damage.
The orc warrior is severely wounded.
You hit the orc priest but do no damage.
Your spectral weapon hits the orc warrior but does no damage.
Your spectral weapon barely misses the orc.
The orc priest closely misses you.
You barely miss the orc warrior.
The orc warrior is severely wounded.
You hit the orc priest.
Your spectral weapon hits the orc warrior.
Your spectral weapon hits the orc.
The orc warrior hits you with a scimitar.
* * * LOW HITPOINT WARNING * * *
The orc priest casts a cantrip, but nothing happens.
You hit the orc warrior but do no damage.
Your bite misses the orc warrior.
The orc warrior is severely wounded.
You barely miss the orc priest.
Your spectral weapon hits the orc warrior.
Your spectral weapon closely misses the orc.
The orc warrior hits your spectral weapon with a scimitar!
Your spectral weapon shares its damage with you!
Your spectral weapon fades away.
* * * LOW HITPOINT WARNING * * *
The orc priest misses you.
The orc warrior shouts!
Unknown command.
Casting: Spectral Weapon
Confirm with . or Enter, or press ? or * to list all spells.
You draw out your weapon's spirit!
The orc priest calls upon Beogh to heal the orc priest.
The orc priest is healed somewhat.
The orc warrior misses you.
The orc priest hits you with a falchion.
* * * LOW HITPOINT WARNING * * *
Unknown command.
You hit the orc warrior but do no damage.
The orc warrior is almost dead.
You hit the orc priest but do no damage.
Your spectral weapon hits the orc warrior.
You kill the orc warrior!
Makhleb accepts your kill.
Your spectral weapon hits the orc.
The orc throws a tomahawk.
The tomahawk misses your spectral weapon.
The tomahawk hits you but does no damage.
The orc priest barely misses you.
Your ring mail prevents you from hitting the orc priest.
The orc priest is lightly wounded.
The orc barely misses your spectral weapon.
The orc priest closely misses you.
Casting: Spectral Weapon
Confirm with . or Enter, or press ? or * to list all spells.
You begin infusing your attacks with magical energy.
The orc priest begins to cast a cantrip, but forgets the words!
The orc throws a tomahawk.
The tomahawk closely misses your spectral weapon.
The tomahawk completely misses you.
The tomahawk hits the orc priest but does no damage.
The orc priest barely misses you.
Unknown command.
You hit the orc priest. Your bite misses the orc priest.
The orc priest is moderately wounded.
The orc throws a tomahawk.
The tomahawk hits your spectral weapon.
Your spectral weapon shares its damage with you!
* * * LOW HITPOINT WARNING * * *
The orc priest hits you but does no damage.
You hit the orc priest.
The orc priest is heavily wounded.
The orc throws a tomahawk.
The tomahawk hits your spectral weapon.
Your spectral weapon shares its damage with you!
* * * LOW HITPOINT WARNING * * *
You hit the orc priest.
The orc priest is heavily wounded.
The orc priest completely misses you.
The orc priest invokes the aid of Beogh against you.
Beogh smites you!
You die...

..# ....# .....
..... .. #####
#.# ∆ # ##.###
# ....#
#####.#.# # #
#o(@oo#.#.# #
.#
#.###...#.###.#
...
#..............
#.#
#####(..#####.
#.# #..........
#.# #..######.#
#.# #..#
######.# #..#
†......#
#..######


You could see 2 orc priests, an orc and a friendly spectral hand axe.

Vanquished Creatures
  The ghost of Yermak the Skirmisher, an amateur DgTm (D:4)
  An ice beast (D:4)
  An orc warrior (D:4)
  A scorpion (D:4)
  2 hounds
  2 worker ants (D:4)
  Robin (D:3)
  A worm (D:3)
  3 dart slugs
  2 leopard geckos
  An orc (D:4)
  2 bats
  A giant cockroach (D:1)
  4 goblins
  3 hobgoblins
  2 jackals (D:4)
  2 frilled lizards
  3 rats
33 creatures vanquished.

Vanquished Creatures (others)
  2 spectral weapons (D:4)
2 creatures vanquished.

Grand Total: 35 creatures vanquished

Notes
Turn   | Place    | Note
-------+----------+-------------------------------------------
     0 | D:1      | tidbits the Gnoll Skald began the quest for the Orb.
     0 | D:1      | Reached XP level 1. HP: 20/20 MP: 6/6
    62 | D:1      | Reached XP level 2. HP: 26/26 MP: 0/7
    66 | D:1      | Learned a level 2 spell: Song of Slaying
    69 | D:1      | Learned a level 2 spell: Shroud of Golubria
   225 | D:2      | Noticed Robin
   240 | D:3      | Killed Robin
   240 | D:3      | Reached skill level 5 in Spellcasting
   240 | D:3      | Reached XP level 3. HP: 25/31 MP: 2/9
   270 | D:3      | Learned a level 3 spell: Regeneration
   274 | D:3      | Learned a level 3 spell: Spectral Weapon
   336 | D:3      | Found a burning altar of Makhleb.
   342 | D:3      | Became a worshipper of Makhleb the Destroyer
   388 | D:3      | Reached skill level 1 in Short Blades
   388 | D:3      | Reached skill level 1 in Long Blades
   388 | D:3      | Reached skill level 1 in Maces & Flails
   388 | D:3      | Reached skill level 1 in Polearms
   388 | D:3      | Reached skill level 1 in Staves
   388 | D:3      | Reached skill level 1 in Slings
   388 | D:3      | Reached skill level 1 in Bows
   388 | D:3      | Reached skill level 1 in Crossbows
   388 | D:3      | Reached skill level 1 in Throwing
   388 | D:3      | Reached skill level 1 in Stealth
   388 | D:3      | Reached skill level 1 in Shields
   388 | D:3      | Reached skill level 1 in Unarmed Combat
   388 | D:3      | Reached skill level 1 in Invocations
   388 | D:3      | Reached skill level 1 in Evocations
   388 | D:3      | Reached XP level 4. HP: 33/38 MP: 3/11
   443 | D:4      | Noticed an ice beast
   453 | D:4      | Killed an ice beast
   453 | D:4      | Reached skill level 3 in Armour
   453 | D:4      | Reached skill level 1 in Conjurations
   453 | D:4      | Reached skill level 1 in Hexes
   453 | D:4      | Reached skill level 1 in Summonings
   453 | D:4      | Reached skill level 1 in Necromancy
   453 | D:4      | Reached skill level 1 in Translocations
   453 | D:4      | Reached skill level 1 in Transmutations
   453 | D:4      | Reached skill level 1 in Fire Magic
   453 | D:4      | Reached skill level 1 in Ice Magic
   453 | D:4      | Reached skill level 1 in Air Magic
   453 | D:4      | Reached skill level 1 in Earth Magic
   453 | D:4      | Reached skill level 1 in Poison Magic
   453 | D:4      | Reached XP level 5. HP: 43/43 MP: 3/12
   457 | D:4      | Noticed Yermak's ghost (amateur DgTm)
   457 | D:4      | Found a staircase to the Ecumenical Temple.
   476 | D:4      | Killed Yermak's ghost
   476 | D:4      | Reached skill level 2 in Invocations
   476 | D:4      | Reached XP level 6. HP: 43/50 MP: 3/14
   482 | D:4      | Reached skill level 5 in Fighting
   482 | D:4      | Reached skill level 2 in Short Blades
   482 | D:4      | Reached skill level 2 in Long Blades
   482 | D:4      | Reached skill level 5 in Axes
   482 | D:4      | Reached skill level 2 in Maces & Flails
   482 | D:4      | Reached skill level 2 in Polearms
   482 | D:4      | Reached skill level 2 in Staves
   482 | D:4      | Reached skill level 2 in Slings
   482 | D:4      | Reached skill level 2 in Bows
   482 | D:4      | Reached skill level 2 in Crossbows
   482 | D:4      | Reached skill level 2 in Throwing
   482 | D:4      | Reached skill level 5 in Dodging
   482 | D:4      | Reached skill level 2 in Stealth
   482 | D:4      | Reached skill level 2 in Shields
   482 | D:4      | Reached skill level 2 in Unarmed Combat
   482 | D:4      | Reached skill level 2 in Evocations
   589 | D:4      | Found a glowing golden altar of the Shining One.
   621 | D:4      | Reached XP level 7. HP: 22/56 MP: 5/15
   689 | D:4      | Killed from afar by an orc priest

Vault maps used:
D:1:      eino_arrival_tree_alley
D:2:      uniq_robin
D:3:      first_bread, makhleb_blood_cavern_becter
D:4:      minitemple, nicolae_overflow_crystal_walls,
          minmay_temple_entry_junction

Skill      XL: |  1  2  3  4  5  6 |
---------------+-------------------+-----
Spellcasting   | 5 |  5.5
Short Blades   | 1 2 |  2.3
Long Blades    | 1 2 |  2.3
Maces & Flails | 1 2 |  2.3
Polearms       | 1 2 |  2.3
Staves         | 1 2 |  2.3
Slings         | 1 2 |  2.3
Bows           | 1 2 |  2.3
Crossbows      | 1 2 |  2.3
Throwing       | 1 2 |  2.3
Stealth        | 1 2 |  2.3
Shields        | 1 2 |  2.3
Unarmed Combat | 1 2 |  2.3
Invocations    | 1 2 |  2.5
Evocations     | 1 2 |  2.3
Armour         | 3 |  3.5
Conjurations   | 1 |  1.8
Hexes          | 1 |  1.8
Summonings     | 1 |  1.8
Necromancy     | 1 |  1.8
Translocations | 1 |  1.8
Transmutations | 1 |  1.8
Fire Magic     | 1 |  1.8
Ice Magic      | 1 |  1.8
Air Magic      | 1 |  1.8
Earth Magic    | 1 |  1.8
Poison Magic   | 1 |  1.8
Fighting       | 5 |  5.1
Axes           | 5 |  5.1
Dodging        | 5 |  5.1
Charms         | |  5.8

Action                   |  1- 3 |  4- 6 |  7- 9 || total
-------------------------+-------+-------+-------++-------
Melee: Hand axe          |    46 |    53 |    19 ||   118
       Bite              |     3 |     4 |     1 ||     8
 Fire: Hunting sling     |       |    10 |       ||    10
Throw: Stone             |       |     2 |       ||     2
 Cast: Infusion          |     6 |     2 |     1 ||     9
       Spectral Weapon   |     3 |     4 |     2 ||     9
       Shroud of Golubri |       |     1 |       ||     1
       Regeneration      |       |     1 |       ||     1
Evoke: Wand              |       |       |     2 ||     2
  Use: Potion            |       |       |     3 ||     3
       Scroll            |       |       |     1 ||     1
 Stab: Distracted        |     1 |     1 |       ||     2
       Sleeping          |     1 |     1 |       ||     2
Armor: Leather armour    |     1 |       |       ||     1
       Ring mail         |    13 |    21 |     6 ||    40
Dodge: Dodged            |    19 |    26 |    25 ||    70

Table legend:
 A = Spawn XP
 B = Non-spawn XP
 C = Spawn XP percentage of total XP
 D = Spawn monster count
 E = Non-spawn monster count
 F = Spawn count percentage of total count
 G = Total turns spent on level
                    A         B        C        D         E        F      G
               +---------+---------+-------+---------+---------+-------+---------
         Total |       0 |     752 |   0.0 |       0 |      33 |   0.0 |   689
               +---------+---------+-------+---------+---------+-------+---------
           D:1 |       0 |      18 |   0.0 |       0 |       7 |   0.0 |   152
           D:2 |       0 |       4 |   0.0 |       0 |       3 |   0.0 |    79
           D:3 |       0 |      76 |   0.0 |       0 |      10 |   0.0 |   210
           D:4 |       0 |     654 |   0.0 |       0 |      13 |   0.0 |   248
               +---------+---------+-------+---------+---------+-------+---------

Table legend:
 A = Turns spent in this place as a percentage of turns spent in the entire game.
 B = Non-inter-level travel turns spent in this place as a percentage of non-inter-level travel turns spent in the entire game.
 C = Inter-level travel turns spent in this place as a percentage of turns spent in this place.
 D = Turns resting spent in this place as a percentage of non-inter-level travel turns spent in this place.
 E = Turns spent auto-exploring this place as a percentage of non-inter-level travel turns spent in this place.
 F = Non-inter-level travel turns spent in this place divided by the number of levels of this place that you've seen.
                   A       B       C       D       E      F
               +-------+-------+-------+-------+-------+----------------------
         Total | 100.0 | 100.0 |   0.0 |   0.0 |   0.0 | 172.2
       Dungeon | 100.0 | 100.0 |   0.0 |   0.0 |   0.0 | 172.2
               +-------+-------+-------+-------+-------+----------------------

Table legend:
 A = Kills in this place as a percentage of kills in entire the game.
 B = Kills by you in this place as a percentage of kills by you in the entire game.
 C = Kills by friends in this place as a percentage of kills by friends in the entire game.
 D = Other kills in this place as a percentage of other kills in the entire game.
 E = Experience gained in this place as a percentage of experience gained in the entire game.
 F = Experience gained in this place divided by the number of levels of this place that you have seen.
                   A       B       C       D       E      F
               +-------+-------+-------+-------+-------+----------------------
         Total | 100.0 | 100.0 |   N/A |   N/A | 100.0 | 188.0
       Dungeon | 100.0 | 100.0 |   N/A |   N/A | 100.0 | 188.0
               +-------+-------+-------+-------+-------+----------------------

Vault maps used:
D:1:      eino_arrival_tree_alley
D:2:      uniq_robin
D:3:      first_bread, makhleb_blood_cavern_becter
D:4:      minitemple, nicolae_overflow_crystal_walls,
          minmay_temple_entry_junction
